 Dungeon Crawl Stone Soup version 0.28-a0-239-g68911e0c57 (webtiles) character file.

Game seed: 14834233829970430007

11 porpoise the Skirmisher (level 2, 0/31 HPs)
             Began as an Ogre Warper on Aug 24, 2021.
             Slain by a gnoll (6 damage)
             ... on level 2 of the Dungeon.
             The game lasted 00:04:16 (910 turns).

porpoise the Skirmisher (Ogre Warper)                Turns: 910, Time: 00:04:16

Health: 0/31       AC:  3    Str: 14    XL:     2   Next: 25%
Magic:  5/5        EV:  9    Int: 14    God:
Gold:   36         SH:  0    Dex:  8    Spells: 5/5 levels left

rFire   . . .      SeeInvis .   a - +0 mace
rCold   . . .      Faith    .   (no shield)
rNeg    . . .      Spirit   .   i - +0 robe
rPois   .          Reflect  .   (helmet restricted)
rElec   .          Harm     .   (no cloak)
rCorr   .          Rampage  .   (gloves unavailable)
Will    .....                   (boots unavailable)
Stlth   +.........              (no amulet)
HPRegen 0.10/turn               (no ring)
MPRegen 0.09/turn               (no ring)

@: no status effects
A: large, unfitting armour, tough skin 1
a: no special abilities


You were on level 2 of the Dungeon.
You visited 1 branch of the dungeon, and saw 2 of its levels.

You collected 36 gold pieces.

Inventory:

Hand Weapons
 a - a +0 mace (weapon)
 b - a +2 vampiric whip
Missiles
 d - 5 boomerangs of dispersal (quivered)
 k - 16 stones
Armour
 g - a +0 kite shield
 i - a +0 robe (worn)
Scrolls
 c - a scroll of blinking
 e - a scroll of acquirement {unknown}
 f - a scroll of identify {unknown}
 h - a scroll of enchant weapon {unknown}
 j - a scroll of teleportation {unknown}
Potions
 l - a potion of curing {unknown}


   Skills:
 + Level 3.3 Fighting
 + Level 2.2 Maces & Flails
 - Level 1.0 Throwing
 - Level 2.1 Dodging
 - Level 2.4 Spellcasting
 - Level 2.6 Translocations


You had 5 spell levels left.
You didn't know any spells.
Your spell library contained the following spells:

 Spells                   Type           Power      Damage    Failure   Level
 Blink                    Tloc           N/A        N/A       12%         2
 Summon Small Mammal      Summ           4%         N/A       22%         1
 Gell's Gravitas          Tloc           4%         N/A       22%         3
 Lesser Beckoning         Tloc           4%         N/A       22%         3
 Teleport Other           Tloc           9%         N/A       22%         3
 Call Canine Familiar     Summ           1%         N/A       56%         3
 Summon Guardian Golem    Hex/Summ       1%         N/A       56%         3
 Tukima's Dance           Hex            1%         N/A       56%         3
 Passage of Golubria      Tloc           N/A        N/A       58%         4
 Manifold Assault         Tloc           9%         N/A       91%         5
 Yara's Violent Unravell  Hex/Tmut       0%         3d3       99%         5


Dungeon Overview and Level Annotations

Branches:
Dungeon (2/15)

Altars:


Innate Abilities, Weirdness & Mutations

You are too large for most types of armour.
You have tough skin. (AC +1)


Message History

l - a pink potion A gnoll comes into view.
It is wielding a +0 whip.
Found a scale mail.
The gnoll shouts!
You hear a shout!
The gnoll closely misses you.
You hit the gnoll.
The gnoll is lightly wounded.
The gnoll hits you with a +0 whip.
You closely miss the gnoll.
The gnoll is lightly wounded.
The gnoll misses you.
You hit the gnoll but do no damage.
The gnoll is lightly wounded.
The gnoll hits you with a +0 whip.
You barely miss the gnoll.
The gnoll is lightly wounded.
The gnoll hits you with a +0 whip!
You hit the gnoll.
You feel better.
The gnoll is moderately wounded.
The gnoll barely misses you.
You barely miss the gnoll.
The gnoll is moderately wounded.
The gnoll hits you with a +0 whip.
You barely miss the gnoll.
The gnoll is moderately wounded.
The gnoll hits you with a +0 whip.
You barely miss the gnoll.
The gnoll is moderately wounded.
The gnoll hits you with a +0 whip.
* * * LOW HITPOINT WARNING * * *
You closely miss the gnoll.
The gnoll is moderately wounded.
The gnoll barely misses you.
You feel the dreadful sensation subside.
a - a +0 mace (weapon)
The gnoll barely misses you.
You sock the gnoll!
The gnoll is almost dead.
The gnoll hits you with a +0 whip.
You die...

########.
#...[..g.
#.#####
#g#.#..
###@..#.#
#.....#.####
#.###.#<...#
#..........#
#####..#...#
#........#
#.########
... ...


You could see a gnoll.

Vanquished Creatures
  2 ball pythons (D:1)
  An endoplasm (D:1)
  A quokka (D:1)
  A frilled lizard (D:1)
  3 goblins (D:1)
  2 rats (D:1)
10 creatures vanquished.

Notes
Turn   | Place    | Note
-------+----------+-------------------------------------------
     0 | D:1      | porpoise the Ogre Warper began the quest for the Orb.
     0 | D:1      | Reached XP level 1. HP: 22/22 MP: 3/3
    40 | D:1      | Noticed a shining eye
    43 | D:1      | Noticed an eye of devastation
    45 | D:1      | Found a faded altar of an unknown god.
   305 | D:1      | Reached skill level 3 in Fighting
   456 | D:1      | Reached XP level 2. HP: 31/31 MP: 5/5
   461 | D:1      | Noticed a golden eye
   910 | D:2      | Slain by a gnoll

Illustrated notes

Levels and vault maps discovered:
D:1:      lightli_arrival_farm, layout_loops_ring,
          hellmonk_ecumenical_altar_watching_god
D:2:      layout_basic, kennysheep_generic_room_9, uniq_crazy_yiuf_cottage,
          uniq_natasha, uniq_sigmund

Skill      XL: |  1 |
---------------+----+-----
Fighting       | 3 |  3.3
Maces & Flails | 2 |  2.2
Throwing       | |  1.0
Dodging        | |  2.1
Spellcasting   | |  2.4
Translocations | |  2.6

Action                   || total
-------------------------++-------
Melee: Mace              ||    21
       Whip              ||    27
Armor: Robe              ||     9
Dodge: Dodged            ||    24

Table legend: (Time is in decaauts)
 A = Elapsed time spent in this place.
 B = Non-inter-level travel time spent in this place.
 C = Inter-level travel time spent in this place.
 D = Time resting spent in this place.
 E = Time spent auto-exploring this place.
 F = Levels seen in this place.
 G = Mean time per level.
                   A        B        C        D        E       F      G
               +--------+--------+--------+--------+--------+-----+--------+
         Total |    935 |    903 |     32 |    112 |    601 |   2 |  467.5 |
       Dungeon |    935 |    903 |     32 |    112 |    601 |   2 |  467.5 |
               +--------+--------+--------+--------+--------+-----+--------+

Top non-repeatable levels by time:
     D:1: 905 daAuts
     D:2: 30 daAuts
